 Dungeon Crawl Stone Soup version 0.23.1 (webtiles) character file.

Game seed: 11065397051519242002

168 Gadfly the Bolt Thrower (level 5, -1/41 HPs)
             Began as a Centaur Hunter on Mar 4, 2019.
             Splashed by a jelly's acid (3 damage)
             ... on level 4 of the Dungeon.
             The game lasted 00:04:44 (3872 turns).

Gadfly the Bolt Thrower (Centaur Hunter)            Turns: 3872, Time: 00:04:44

Health: -1/41      AC:  0    Str: 16    XL:     5   Next: 24%
Magic:  5/5        EV:  8    Int: 10    God:
Gold:   208        SH:  0    Dex:  9    Spells: 4/4 levels left

rFire    . . .     SeeInvis .   b - +0 trident
rCold    . . .     Gourm    .   (no shield)
rNeg     . . .     Faith    .   h - +0 ring mail
rPois    .         Spirit   .   (no helmet)
rElec    .         Reflect  .   (no cloak)
rCorr    .         Harm     .   k - +0 pair of gloves
MR       .....                  (no barding)
Stlth    +.........             l - amulet of the acrobat (curse)
HPRegen  0.13/turn              i - ring of stealth
MPRegen  0.09/turn              (no ring)

@: corroded, very quick
A: large, hooves 3, deformed body, speed 2, tough skin 3
a: no special abilities


You were on level 4 of the Dungeon.
You were not hungry.

You visited 1 branch of the dungeon, and saw 4 of its levels.

You collected 208 gold pieces.

Inventory:

Hand Weapons
 a - a +1 hand crossbow
 b - a +0 trident (weapon)
Missiles
 d - 20 bolts
Armour
 h - a +0 ring mail (worn)
 k - a +0 pair of gloves (worn)
Jewellery
 i - a ring of stealth (left hand)
 l - a cursed amulet of the acrobat (around neck)
 m - a +3 ring of intelligence {unknown}
Scrolls
 c - 2 scrolls of amnesia {unknown}
 e - 3 scrolls of remove curse {unknown}
 n - 3 scrolls of identify {unknown}
 o - a scroll of immolation {unknown}
 p - a scroll of blinking {unknown}
 r - a scroll of magic mapping {unknown}
Potions
 j - a potion of mutation {unknown}
 q - a potion of curing {unknown}
Comestibles
 f - 7 rations
 g - a chunk of flesh


   Skills:
 - Level 2.0 Fighting
 + Level 3.4 Polearms
 - Level 4.3 Crossbows
 - Level 2.2 Armour
 - Level 1.3 Dodging
 - Level 0.4 Stealth


You had 4 spell levels left.
You didn't know any spells.
Your spell library was empty.

Dungeon Overview and Level Annotations

Branches:
Dungeon (4/15)
 Temple: D:4-7

Altars:
Fedhas
Zin

Annotations:
D:2 exclusion: oklob plant


Innate Abilities, Weirdness & Mutations

You have hooves in place of feet.
Armour fits poorly on your strangely shaped body.
You cover ground very quickly.
You have extremely tough skin. (AC +3)


Message History

You are too injured to fight recklessly!
You are too injured to fight recklessly!
You are too injured to fight recklessly!
You are too injured to fight recklessly!
You are too injured to fight recklessly!
You are too injured to fight recklessly!
You are too injured to fight recklessly!
You are too injured to fight recklessly!
You are too injured to fight recklessly!
You are too injured to fight recklessly!
You are too injured to fight recklessly!
You are too injured to fight recklessly!
You hit the jelly but do no damage.
Your hands burn!
The jelly is heavily wounded.
The jelly hits you.
* * * LOW HITPOINT WARNING * * *
The acid corrodes you!
You are splashed with acid!
* * * LOW HITPOINT WARNING * * *
You hit the jelly.
Your hands burn!
You die...

#..........
#..........
#..........
#..........
######..........
...$?...<.......
#.###..........
#..........
#@.........
#J...#...##
.........#
..........+
#......%...#
####.###... .#
... .# ..


You could see a jelly.

Vanquished Creatures
  A centaur skeleton (D:3)
  4 adders
  5 worms
  2 leopard geckos
  7 orcs
  6 bats
  4 giant cockroaches
  8 goblins
  11 hobgoblins
  2 jackals (D:2)
  8 kobolds
  3 quokkas
  4 ball pythons
  5 frilled lizards
  9 rats
79 creatures vanquished.

Notes
Turn   | Place    | Note
-------+----------+-------------------------------------------
     0 | D:1      | Gadfly the Centaur Hunter began the quest for the Orb.
     0 | D:1      | Reached XP level 1. HP: 17/17 MP: 1/1
   190 | D:1      | Reached skill level 1 in Armour
   574 | D:1      | Reached XP level 2. HP: 24/24 MP: 2/2
  1497 | D:1      | Reached XP level 3. HP: 26/29 MP: 3/3
  2118 | D:2      | Reached skill level 1 in Polearms
  2145 | D:2      | Found a blossoming altar of Fedhas.
  2168 | D:2      | Noticed an oklob plant
  2454 | D:2      | Reached XP level 4. HP: 28/36 MP: 4/4
  3314 | D:3      | Reached XP level 5. HP: 41/41 MP: 5/5
  3396 | D:3      | Found a glowing silver altar of Zin.
  3871 | D:4      | HP: 2/41 [acid (10)]
  3872 | D:4      | Splashed by a jelly's acid

Skill      XL: |  1  2  3  4 |
---------------+-------------+-----
Armour         | 1 2 |  2.2
Polearms       | 1 3 |  3.4
Fighting       | |  2.0
Crossbows      | |  4.3
Dodging        | |  1.3
Stealth        | |  0.4

Action                   |  1- 3 |  4- 6 || total
-------------------------+-------+-------++-------
Melee: Short sword       |    35 |       ||    35
       Kick              |    25 |    14 ||    39
       Mace              |    87 |       ||    87
       Spear             |    59 |    37 ||    96
       Trident           |       |    59 ||    59
  Eat: Chunk             |     4 |     4 ||     8
Armor: Ring mail         |    96 |    47 ||   143
       Leather armour    |     9 |       ||     9
Dodge: Dodged            |    88 |    48 ||   136
